 Dungeon Crawl Stone Soup version 0.30-a0-920-g7493c07aab (webtiles) character file.

Game seed: 16157041090039544695

46 BigDaddyOpFi the Covered (level 3, 0/33 HPs)
             Began as an Armataur Fighter on Mar 21, 2023.
             Slain by a hobgoblin (6 damage)
             ... led by Robin
             ... on level 3 of the Dungeon.
             The game lasted 00:01:38 (1445 turns).

BigDaddyOpFi the Covered (Armataur Fighter)         Turns: 1445, Time: 00:01:38

Health: 0/33       AC:  9    Str: 17 (23) XL:     3   Next: 44%
Magic:  3/3        EV:  3    Int:  6 (8)  God:
Gold:   128        SH:  4    Dex:  7 (9)  Spells: 2/2 levels left

rFire   . . .      SeeInvis .    a - +0 war axe
rCold   . . .      Faith    .    c - +0 buckler
rNeg    . . .      Spirit   .    k - +0 plate armour
rPois   .          Reflect  .    (no helmet)
rElec   .          Roll     +    (no cloak)
rCorr   .                        (no gloves)
Will    .....                    (no barding) Stlth
                                 (no amulet)
HPRegen 0.25/turn                (no ring)
MPRegen 0.08/turn                (no ring)

@: mighty, brilliant, attractive
A: large, rugged brown scales 3, deformed body, armoured tail, roll, long
tongue, awkward tongue
a: no special abilities


You were on level 3 of the Dungeon.
You visited 1 branch of the dungeon, and saw 3 of its levels.

You collected 128 gold pieces.

Inventory:

Hand Weapons
 a - a +0 war axe (weapon)
Armour
 c - a +0 buckler (worn)
 k - a +0 plate armour (worn)
Scrolls
 h - a scroll of magic mapping
 i - a scroll of vulnerability
 l - a scroll of enchant weapon {unknown}
Potions
 f - a potion of brilliance


   Skills:
 + Level 3.0 Fighting
 + Level 2.0 Axes
 + Level 4.2 Armour
 + Level 3.8 Shields


You had 2 spell levels left.
You didn't know any spells.
Your spell library contained the following spells:

 Spells                   Type           Power      Damage    Failure   Level
 Portal Projectile        Hex/Tloc       0%         N/A       100%        3
 Tukima's Dance           Hex            0%         N/A       100%        3
 Blade Hands              Tmut           0%         N/A       100%        5


Dungeon Overview and Level Annotations

Branches:
Dungeon (3/15)

Altars:

Annotations:
D:3 Robin


Innate Abilities, Weirdness & Mutations

You are completely covered in rugged brown scales. (AC +3, +7% HP)
Armour fits poorly on your strangely shaped body.
You have a long armoured tail.
You roll when moving toward enemies. (Rampage)
Your long tongue fully drains potion bottles. (2x potion effects)
Your tongue gives you trouble enunciating. (1.5x scroll delay)


Message History

The hobgoblin attacks as you move away! You block the hobgoblin's attack.
You slash the hobgoblin!
You kill the hobgoblin!
You slash the goblin!
You kill the goblin!
Robin roars a battlecry!
The goblins go into a battle-frenzy!
The goblin hits you but does no damage.
It was a potion of degeneration.
There was something very wrong with that liquid.
You feel weakened.
You feel dopey.
You feel clumsy.
You slurp down every last drop of the potion of degeneration!
The goblin barely misses you.
It was a potion of curing.
You feel better.
You slurp down every last drop of the potion of curing!
The goblin hits you with a +0 club.
* * * LOW HITPOINT WARNING * * *
It was a potion of attraction.
You feel attractive to monsters.
You slurp down every last drop of the potion of attraction!
You block the goblin's attack.
Unknown command.
You barely miss the goblin. The goblin hits you with a +0 club.
* * * LOW HITPOINT WARNING * * *
You closely miss the goblin. The goblin hits you but does no damage.
You block the goblin's attack.
You barely miss the goblin. You tail-slap the goblin.
You kill the goblin!
Robin throws the goblin at you! The goblin hits you but does no damage.
As you slowly read the scroll labelled FAOT VUXTIJIED, it crumbles to dust.
You feel aware of your surroundings.
You sensed 4 altars.
It was a scroll of magic mapping.
An orc wizard appears from thin air!
Reactivating autopickup.
The goblin hits you but does no damage. The hobgoblin hits you.
* * * LOW HITPOINT WARNING * * *
The orc wizard mumbles some strange words.
The orc wizard flickers and vanishes!
Deactivating autopickup; reactivate with Ctrl-A.
The hobgoblin hits you.
You die...

.#*#.###...#####....####
.###....#.#*#..........#
....###.#.###..........#
§§§§§..(...............#
§§{§§#.##..............#
§§§{§#.###..#..........#
§§§§§...##..##.####.####
#####........go####..#######
# ##..#...g.gg@g.........# #
##......g#####........# #
##.....## #........# ##
#..#### #........# .# ####
#........# .# #........# .#
#........# ## ##########


You could see Robin, an orc, 3 hobgoblins and 2 goblins.

Vanquished Creatures
  An adder (D:2)
  2 bats (D:1)
  2 endoplasms (D:1)
  3 giant cockroaches
  7 goblins
  3 hobgoblins
  3 jackals (D:3)
  A quokka (D:1)
  A frilled lizard (D:1)
  6 kobolds
  4 rats (D:1)
33 creatures vanquished.

Notes
Turn   | Place    | Note
-------+----------+-------------------------------------------
     0 | D:1      | BigDaddyOpFi the Armataur Fighter began the quest for the
                  | Orb.
     0 | D:1      | Reached XP level 1. HP: 19/19 MP: 1/1
   245 | D:1      | Reached XP level 2. HP: 26/26 MP: 2/2
   837 | D:2      | Reached skill level 4 in Armour
   837 | D:2      | Reached XP level 3. HP: 31/33 MP: 3/3
  1405 | D:3      | Noticed Robin
  1433 | D:3      | HP: 1/33 [goblin/+0 club[Robin] (2)]
  1445 | D:3      | Slain by a hobgoblin

Illustrated notes

Levels and vault maps discovered:
D:1:      minmay_arrival_three_doors, layout_loops_corners
D:2:      layout_basic
D:3:      layout_rooms, chequers_temple_overflow_statue_of_worship, uniq_robin

Skill      XL: |  1  2 |
---------------+-------+-----
Fighting       | 3 |  3.0
Axes           | 2 |  2.0
Armour         | 4 |  4.2
Shields        | |  3.8

Action                     || total
---------------------------++-------
  Melee: War axe           ||    69
         Tailslap          ||     6
    Use: Potion            ||     6
         Scroll            ||     5
 Armour: Scale mail        ||    22
         Plate armour      ||    46
  Dodge: Dodged            ||    29
  Block: Buckler           ||    24

Table legend: (Time is in decaauts)
 A = Elapsed time spent in this place.
 B = Non-inter-level travel time spent in this place.
 C = Inter-level travel time spent in this place.
 D = Time resting spent in this place.
 E = Time spent auto-exploring this place.
 F = Levels seen in this place.
 G = Mean time per level.
                   A        B        C        D        E       F      G
               +--------+--------+--------+--------+--------+-----+--------+
         Total |   1476 |   1372 |    104 |      0 |   1130 |   3 |  492.0 |
       Dungeon |   1476 |   1372 |    104 |      0 |   1130 |   3 |  492.0 |
               +--------+--------+--------+--------+--------+-----+--------+

Top non-repeatable levels by time:
     D:1: 826 daAuts
     D:2: 515 daAuts
     D:3: 134 daAuts
